Map: Moondance

Players

Quaz

  • Race: Zerg Zerg
  • Spawn Location: 12:00

Jinioh - Winner!

  • Race: Terran Terran
  • Spawn Location: 6:00

Event: DreamHack SC2 Masters 2022 Atlanta (Offline)

VOD

Have the link to the VOD?

Description

Time

  • Played on: Nov. 18, 2022, 1:25 p.m.
  • Length: 9:18

All games in this series

Show
View Real Time Build Order
Export as new Build Order

Quaz Zerg 

Build Orders: Pool First 

Get SALT Encoding   

  12  0:00  Drone  
  13  0:13  Overlord  
  13  0:27  Drone  
  14  0:33  Drone x2  
  16  0:43  Spawning Pool  
  16  0:45  Drone  
  16  0:52  Drone  
  17  1:10  Hatchery  
  16  1:12  Drone  
  16  1:15  Drone  
  16  1:17  Extractor  
  17  1:37  Zergling x4, Queen  
  21  1:46  Roach Warren  
  20  1:52  Drone  
  21  2:09  Drone  
  21  2:12  Overlord  
  21  2:35  Roach x4  
  29  2:44  Drone x2  
  30  2:54  Drone x3  
  33  3:03  Drone x2  
  35  3:06  Drone  
  35  3:11  Overlord  
  36  3:29  Queen  
  36  3:30  Hatchery  
  37  3:36  Drone x3  
  37  3:37  Overlord  
  40  3:47  Drone x2  
  42  3:58  Drone x2  
  42  3:59  Overlord  
  42  4:03  Overlord  
  42  4:04  Drone  
  42  4:05  Queen  
  43  4:17  Drone, Overlord  
  43  4:18  Drone  
  41  4:31  Lair  
  41  4:35  Zergling x12, Extractor x2  
  45  4:51  Metabolic Boost  
  46  4:52  Drone  
  46  4:53  Drone x3  
  49  5:00  Drone  
  49  5:01  Drone x2  
  52  5:24  Zergling x16  
  57  5:33  Queen  
  57  5:34  Queen x2  
  57  5:35  Overlord  
  61  5:41  Zergling x2  
  59  5:53  Drone x4  
  59  5:54  Overlord  
  62  6:04  Overlord  
  62  6:06  Spire  
  62  6:08  Drone, Overlord  
  62  6:09  Drone x2  
  62  6:10  Drone x2  
  65  6:26  Overlord x2  
  65  6:27  Drone x3  
  68  6:38  Spore Crawler  
  65  6:40  Overseer  
  65  6:45  Overlord  
  61  6:47  Drone x2  
  61  6:50  Overseer  
  61  6:52  Spore Crawler  
  62  7:00  Drone x10  
  70  7:11  Overlord  
  70  7:12  Drone x2  
  72  7:15  Extractor  
  72  7:17  Extractor  
  72  7:21  Baneling Nest  
  69  7:29  Spore Crawler  
  68  7:30  Drone x3  
  68  7:31  Drone  
  68  7:33  Mutalisk  
  68  7:34  Mutalisk x2  
  77  7:47  Mutalisk  
  77  7:48  Mutalisk x4  
  79  8:03  Extractor  
  76  8:07  Zergling x18  
  85  8:29  Baneling x4, Hatchery  
  85  8:30  Zergling x12  
  85  8:32  Baneling x2, Hatchery  
  88  8:46  Baneling x2  
  88  8:48  Zergling x2  
  88  8:49  Zergling x10  
Show
View Real Time Build Order
Export as new Build Order

Jinioh Terran - Winner!

Build Orders: Reaper Expand 

Get SALT Encoding   

  12  0:00  SCV  
  13  0:12  SCV  
  14  0:17  Supply Depot  
  14  0:24  SCV  
  15  0:38  SCV  
  15  0:40  Barracks  
  15  0:42  Refinery  
  16  0:51  SCV  
  17  1:03  SCV  
  18  1:15  SCV  
  19  1:27  Reaper, Orbital Command  
  20  1:38  Command Center  
  20  1:46  Supply Depot  
  20  1:52  SCV  
  21  1:58  Marine  
  22  2:04  SCV  
  22  2:07  Factory  
  23  2:15  Refinery  
  23  2:16  SCV  
  23  2:17  Marine  
  25  2:27  Bunker  
  25  2:29  SCV  
  25  2:41  SCV  
  26  2:46  Barracks Reactor  
  26  2:50  Orbital Command  
  26  2:52  Factory Tech Lab  
  26  2:53  SCV  
  26  2:56  Starport  
  27  3:08  Bunker  
  27  3:11  Cyclone  
  29  3:17  SCV  
  29  3:18  SCV  
  31  3:22  Marine  
  31  3:24  Marine  
  33  3:32  SCV  
  34  3:34  Viking  
  34  3:40  Marine  
  37  3:42  Marine  
  37  3:43  SCV  
  39  3:51  SCV  
  39  3:53  Cyclone  
  42  3:58  Marine  
  42  3:59  SCV  
  42  4:00  Marine  
  45  4:05  SCV  
  45  4:08  Supply Depot  
  46  4:23  Supply Depot  
  46  4:29  SCV  
  47  4:31  Banshee  
  47  4:34  Hellion x2  
  54  4:43  Barracks Tech Lab  
  54  4:45  SCV x2  
  56  4:52  Supply Depot  
  56  4:55  Hellion x2  
  56  4:57  SCV x2  
  62  5:04  Stimpack  
  62  5:09  SCV x2  
  64  5:16  Marine  
  64  5:17  Banshee  
  68  5:21  SCV x2  
  70  5:33  SCV x2  
  70  5:34  Command Center, Marine  
  71  5:44  Factory Reactor  
  71  5:45  SCV x2  
  71  5:52  Barracks, Marine  
  71  5:55  Barracks  
  69  5:57  Engineering Bay, SCV x2  
  69  6:01  Engineering Bay  
  71  6:10  SCV x2, Marine  
  74  6:18  Refinery  
  74  6:19  Starport Reactor  
  74  6:22  SCV, Refinery  
  74  6:23  Supply Depot, Barracks  
  74  6:24  Barracks  
  75  6:28  Marine  
  75  6:29  Terran Infantry Weapons Level 1  
  75  6:30  Terran Infantry Armor Level 1  
  76  6:33  SCV  
  76  6:39  SCV  
  76  6:44  Marine x2  
  76  6:45  Marine  
  79  6:50  Orbital Command  
  79  6:51  Supply Depot, SCV  
  79  6:52  Supply Depot  
  79  6:54  Marine x2  
  80  6:58  Siege Tank  
  82  7:02  Marine x2  
  82  7:03  SCV, Marine  
  83  7:09  Medivac x2  
  83  7:11  SCV  
  83  7:14  Barracks Reactor x2, Marine  
  83  7:15  SCV x2  
  90  7:16  Marine  
  90  7:20  Marine x2  
  90  7:21  Marine  
  95  7:23  SCV  
  95  7:24  Armory, Combat Shield  
  96  7:31  SCV  
  96  7:33  SCV, Marine  
  96  7:34  Refinery, Marine  
  96  7:35  Supply Depot x2  
  100  7:37  Siege Tank  
  100  7:38  Marine  
  100  7:39  Marine  
  100  7:41  Marine  
  100  7:43  SCV  
  107  7:46  SCV  
  107  7:50  SCV  
  107  7:51  Marine  
  110  7:52  Marine  
  110  7:53  Supply Depot  
  110  7:55  Supply Depot, SCV, Marine x3  
  110  7:56  Marine x2  
  117  7:58  SCV  
  117  8:02  SCV, Missile Turret  
  119  8:06  Missile Turret x2  
  119  8:11  Marine x4  
  121  8:13  Siege Tank, Marine  
  121  8:14  Medivac  
  121  8:16  Medivac  
  121  8:18  Marine  
  130  8:20  Marine x3  
  133  8:29  Marine x3  
  133  8:30  Marine  
  137  8:44  Marine  
  137  8:45  Marine  
  137  8:46  Marine  
  140  8:50  Marine x2  
  140  8:52  Marine  
  140  8:53  Marine  
  144  8:57  Marine x2  
  144  8:58  Command Center  
Tags
 
Add a new tag
Caveats
  • Supply blocks, unpowered buildings, or Contaminate may cause inaccurate times.
  • Supply counts are checked every 10 seconds.